 Dungeon Crawl Stone Soup version 0.16-a0-3708-g05dc7d7 (webtiles) character file.

170 grisnicke the Slasher (level 5, -2/38 HPs)
             Began as a Human Wanderer on Jan 19, 2015.
             Slain by a worker ant (6 damage)
             ... on level 4 of the Dungeon.
             The game lasted 00:13:47 (2974 turns).

grisnicke the Slasher (Human Wanderer)              Turns: 2974, Time: 00:13:47

Health: -2/38      AC:  6    Str: 13    XL:     5   Next: 80%
Magic:  5/5        EV: 10    Int: 11    God:
Gold:   75         SH:  0    Dex: 14    Spells: 1 memorised, 3 levels left

rFire  . . .     SeeInvis .     a - +2 falchion
rCold  . . .     Clarity  .     e - +0 ring mail
rNeg   . . .     SustAb   .     (no shield)
rPois  .         Gourm    .     (no helmet)
rElec  .         Spirit   .     (no cloak)
rCorr  .         Warding  .     A - +0 pair of gloves
rMut   .         Stasis   .     (no boots)
MR     .....                    (no amulet)
Stlth  +.........               (no ring)
                                (no ring)

@: lethally poisoned, invisible, not resistant to hostile enchantments, very
unstealthy
A: no striking features
a: no special abilities


You were on level 4 of the Dungeon.
You were not hungry.

You visited 1 branch of the dungeon, and saw 4 of its levels.

You collected 75 gold pieces.

Inventory:

Hand weapons
 a - a +2 falchion (weapon)
Missiles
 o - 22 stones (quivered)
Armour
 d - a +0 robe
 e - a +0 ring mail (worn)
 l - a +2 robe of magic resistance
 x - a +0 scale mail
 A - a +0 pair of gloves (worn)
Jewellery
 r - an uncursed ring of fire
Magical devices
 B - a wand of polymorph (13)
Scrolls
 g - 2 scrolls of random uselessness {unknown}
 h - a scroll of blinking {unknown}
 i - a scroll of recharging {unknown}
 k - a scroll of amnesia {unknown}
 m - 2 scrolls of teleportation {unknown}
 p - 3 scrolls of magic mapping {unknown}
 q - a scroll of immolation {unknown}
 t - a scroll of remove curse {unknown}
 y - a scroll of enchant weapon {unknown}
Potions
 n - a potion of might {unknown}
 s - a potion of poison {unknown}
 v - a potion of agility {unknown}
 z - a potion of restore abilities {unknown}
Books
 b - Borgnjor's Handbook of Necromancy

   Spells                             Type                      Level
   a - Animate Skeleton               Necromancy                   1
   b - Vampiric Draining              Necromancy                   3
 c - Sif Muna's Reference Book on Changing

   Spells                             Type                      Level
   a - Sticks to Snakes               Transmutation                2
   b - Stoneskin                      Transmutation/Earth          2
Comestibles
 f - 3 bread rations
 u - a meat ration


   Skills:
 - Level 2.0 Fighting
 + Level 5.2 Long Blades
 - Level 1.0 Throwing
 - Level 1.0 Stealth
   Level 1.0 Translocations
   Level 4.0 Transmutations


You had 3 spell levels left.
You knew the following spells:

 Your Spells              Type           Power        Failure   Level  Hunger
a - Animate Skeleton      Necr           N/A          78%         1    ##.....


Dungeon Overview and Level Annotations

Branches:
Dungeon (4/15)
 Temple: D:4-7

Altars:
Trog

Annotations:
D:2 Sigmund


Message History

The worker ant bites you.
* * * LOW HITPOINT WARNING * * *
You are more poisoned.
The worker ant poisons you!
Drink which item? (? for menu, Esc to quit)
Okay, then.
You barely miss the worker ant.
The worker ant is almost dead.
* * * LOW HITPOINT WARNING * * *
You feel sick. The worker ant closely misses you.
You hit the worker ant but do no damage.
The worker ant is almost dead.
* * * LOW HITPOINT WARNING * * *
You feel sick. The worker ant barely misses you.
Drink which item? (? for menu, Esc to quit)
It was a potion of invisibility.
You fade into invisibility!
* * * LOW HITPOINT WARNING * * *
You feel sick. The worker ant bites you.
You die...

### ..# #.# #.#
#.# # #.#
##...###.#
........@#
##.<.####a......#
# .##.##. .# ..
.# .. .. #


You could see a worker ant.

Vanquished Creatures
  Jessica (D:2)
  A gnoll (D:1)
  A giant mite (D:2)
  4 adders
  3 worms
  2 giant geckos
  An ooze (D:2)
  6 orcs (D:3)
  7 bats
  2 giant cockroaches
  4 hobgoblins
  7 kobolds
  A quokka (D:2)
  2 giant newts
  8 goblins
  13 jackals
  5 rats
68 creatures vanquished.

Notes
Turn   | Place    | Note
--------------------------------------------------------------
     0 | D:1      | grisnicke, the Human Wanderer, began the quest for the Orb.
     0 | D:1      | grisnicke set off with: a +2 falchion, Borgnjor's Handbook of Necromancy, Sif Muna's Reference Book on Changing, a +0 robe, a bread ration
     0 | D:1      | Reached XP level 1. HP: 16/16 MP: 1/1
     0 | D:1      | Identified Borgnjor's Handbook of Necromancy
     0 | D:1      | Identified Sif Muna's Reference Book on Changing
    38 | D:1      | Reached XP level 2. HP: 19/22 MP: 2/2
    79 | D:1      | Learned a level 1 spell: Animate Skeleton
   201 | D:1      | Reached XP level 3. HP: 18/27 MP: 3/3
  1035 | D:2      | Reached XP level 4. HP: 22/33 MP: 4/4
  1603 | D:2      | Found a bloodstained altar of Trog.
  1691 | D:2      | Noticed Sigmund
  1729 | D:2      | Noticed Jessica
  1733 | D:2      | Killed Jessica
  1733 | D:2      | Reached XP level 5. HP: 35/38 MP: 5/5
  2533 | D:3      | Reached skill level 5 in Long Blades
  2974 | D:4      | Slain by a worker ant

Action                   |  1- 3 |  4- 6 || total
-------------------------+-------+-------++-------
Melee: Falchion          |    74 |   164 ||   238
Throw: Stone             |       |    23 ||    23
  Use: Potion            |       |     1 ||     1
  Eat: Chunk             |       |     7 ||     7
